 Dungeon Crawl Stone Soup version 0.28.0-45-g0d030f2227 (webtiles) character file.

Game seed: 8030054113503102053

111300 RepoMan the Brawler (level 16, -4/152 (169) HPs)
             Began as a Troll Conjurer on Mar 27, 2022.
             Was the Champion of Dithmenos.
             Slain by a jorogumo (17 damage)
             ... while paralysed by a jorogumo
             ... on level 1 of the Spider Nest on Mar 30, 2022.
             The game lasted 03:31:47 (26648 turns).

RepoMan the Brawler (Troll Conjurer)               Turns: 26648, Time: 03:31:49

HP:   -4/152 (169)  AC: 13    Str: 19    XL:     16   Next: 9%
MP:   18/22         EV:  1    Int: 17    God:    Dithmenos [******]
Gold: 496           SH:  0    Dex: 13    Spells: 15/25 levels left

rFire   . . .      SeeInvis .     - Unarmed
rCold   . . .      Faith    .   (no shield)
rNeg    . . .      Spirit   .   o - +1 troll leather armour {Snorg}
rPois   +          Reflect  .   a - +2 hat
rElec   .          Harm     .   v - scarf {repulsion}
rCorr   .          Rampage  .   (gloves unavailable)
Will    ++...                   (boots unavailable)
Stlth   ++........              j - amulet "Cerecu" {rPois Regen+ Int-3 Dex+5}
HPRegen 2.75/turn               S - +4 ring of protection
MPRegen 0.18/turn               V - ring of willpower

@: paralysed, lethally poisoned (-4 -> -8), held, wreathed by umbra, studying
Shields, heavily drained, repel missiles
A: large, unfitting armour, claws 3, regeneration 1, shaggy fur 1, tough skin 1
a: Renounce Religion, Shadow Step, Shadow Form


You were on level 1 of the Spider Nest.
You worshipped Dithmenos.
Dithmenos was exalted by your worship.
You visited 4 branches of the dungeon, and saw 24 of its levels.

You collected 3247 gold pieces.
You spent 2751 gold pieces at shops.

Inventory:

Hand Weapons
 f - the +6 war axe of Gallantry {flame, rPois Str+3 Int+3}
   (You found it on level 5 of the Lair of Beasts)

   It burns those it strikes, dealing additional fire damage.
   Big, fiery blades are also staple armaments of hydra-hunters.
   Str:       It affects your strength (+3).
   Int:       It affects your intelligence (+3).
   rPois:     It protects you from poison.
 y - the +8 quarterstaff of the Smoking Shrike {protect, *Corrode rPois rF+++ SInv}
   (You found it on level 7 of the Dungeon)

   It grants its wielder temporary protection when it strikes (+7 to AC).
   rF:        It renders you almost immune to fire.
   rPois:     It protects you from poison.
   SInv:      It lets you see invisible.
   *Corrode:  It may corrode you when you take damage.
Missiles
 k - 27 large rocks
 B - 4 throwing nets
 T - 4 curare-tipped darts
Armour
 a - a +2 hat (worn)
 h - a +2 robe of willpower
 o - a +1 troll leather armour (worn) {Snorg}
 v - a scarf of repulsion (worn)
 N - +0 ice dragon scales
Magical Staves
 P - a staff of air
Jewellery
 j - the amulet "Cerecu" (around neck) {rPois Regen+ Int-3 Dex+5}
   (You found it on level 2 of the Dungeon)

   [amulet of regeneration]

   Int:       It affects your intelligence (-3).
   Dex:       It affects your dexterity (+5).
   rPois:     It protects you from poison.
   Regen:     It increases your rate of health regeneration.
 s - a ring of resist corrosion
 t - a ring of protection from fire
 F - a +6 ring of dexterity
 G - a ring of see invisible
 K - a ring of flight
 S - a +4 ring of protection (left claw)
 V - a ring of willpower (right claw)
 W - an amulet of reflection
Wands
 w - a wand of paralysis (9)
 D - a wand of polymorph (17)
 I - a wand of flame (29)
 L - a wand of mindburst (3)
 O - a wand of digging (10)
 Y - a wand of acid (5)
 Z - a wand of iceblast (5)
Scrolls
 c - 10 scrolls of teleportation
 d - 6 scrolls of enchant armour
 i - 3 scrolls of magic mapping
 l - a scroll of fear
 m - 3 scrolls of brand weapon
 n - 3 scrolls of torment
 p - 2 scrolls of fog
 C - a scroll of silence
 H - 4 scrolls of amnesia
 J - 5 scrolls of blinking
 Q - 7 scrolls of identify
 R - 5 scrolls of enchant weapon
Potions
 b - 3 potions of haste
 e - 16 potions of curing
 g - a potion of might
 q - a potion of invisibility
 r - 6 potions of cancellation
 x - 3 potions of flight
 z - 5 potions of heal wounds
 A - 2 potions of lignification
 E - 2 potions of ambrosia
 M - 8 potions of brilliance
 U - 3 potions of mutation


   Skills:
 * Level 13.0 Fighting
 - Level 2.0 Throwing
 + Level 9.1 Dodging
 - Level 1.0 Stealth
 * Level 20.0 Unarmed Combat
 - Level 5.0 Spellcasting
 - Level 2.9 Conjurations
 - Level 4.0 Hexes
 + Level 1.6 Invocations
 - Level 2.0 Evocations


You had 15 spell levels left.
You knew the following spells:

 Your Spells              Type           Power      Damage    Failure   Level
g - Apportation           Tloc           8%         N/A       17%         1
q - Magic Dart            Conj           56%        1d5       4%          1
s - Silence               Hex/Air        5%         N/A       90%         5
t - Confusing Touch       Hex            17%        N/A       10%         3

Your spell library contained the following spells:

 Spells                   Type           Power      Damage    Failure   Level
 Searing Ray              Conj           28%        2d5       8%          2
 Shock                    Conj/Air       36%        1d5       10%         1
 Dazzling Flash           Conj/Hex       32%        N/A       12%         3
 Summon Small Mammal      Summ           16%        N/A       17%         1
 Summon Guardian Golem    Hex/Summ       11%        N/A       22%         3
 Scorch                   Fire           8%         2d5       26%         2
 Mephitic Cloud           Conj/Pois/Air  7%         N/A       34%         3
 Fulminant Prism          Conj/Hex       8%         3d7       36%         4
 Call Canine Familiar     Summ           4%         N/A       45%         3
 Ignite Poison            Fire/Tmut/Pois 4%         N/A       45%         3
 Swiftness                Air            4%         N/A       45%         3
 Flame Wave               Conj/Fire      9%         2d5       67%         4
 Iskenderun's Mystic Bla  Conj/Tloc      9%         2d4       67%         4
 Airstrike                Air            2%         N/A       86%         4
 Yara's Violent Unravell  Hex/Tmut       5%         3d4       90%         5
 Freezing Cloud           Conj/Ice/Air   3%         6-21      97%         5
 Agony                    Necr           4%         N/A       99%         5
 Alistair's Intoxication  Tmut/Pois      2%         N/A       99%         5
 Summon Forest            Summ/Tloc      2%         N/A       99%         5
 Eringya's Noxious Bog    Tmut/Pois      2%         N/A       100%        6
 Summon Cactus Giant      Summ           2%         N/A       100%        6
 Enfeeble                 Hex            8%         N/A       100%        7
 Summon Hydra             Summ           2%         N/A       100%        7


Dungeon Overview and Level Annotations

Branches:
Dungeon (15/15)            Temple (0/1) D:7            Lair (6/6) D:10
  Swamp (0/4) Lair:3       Spider (1/4) Lair:2        Slime (0/5) Lair:6
    Orc (2/2) D:9             Elf (0/3) Orc:2        Vaults (0/5) D:14
 Depths (0/4) D:15

Altars:
Ashenzari
Dithmenos
Elyvilon
Fedhas
Gozag
Hepliaklqana
Makhleb
Nemelex Xobeh
Uskayaw
Vehumet
Wu Jian
Xom
Yredelemnul
Zin
The Shining One
Jiyva

Shops:
D:4 (   D:5 *   D:7 *   Orc:1 :*=:(   Orc:2 **=(

Portals:
Abyss: Lair:4
Pandemonium: Orc:2

Annotations:
D:11 1 runed translucent door
D:15 3 runed translucent doors, Peloso's ghost, journeyman MiFi


Innate Abilities, Weirdness & Mutations

You are too large for most types of armour.
You have claws for hands.
Your natural rate of healing is unusually fast.
You are covered in fur. (AC +1)
You have tough skin. (AC +1)


Message History

You kill the redback!
Dithmenos accepts your kill. The wolf spider hits you!!
The wolf spider bites you.
You barely miss the wolf spider.
You claw the wolf spider, but do no damage.
Your shadow hits the wolf spider! The wolf spider hits you!
The wolf spider bites you but does no damage.
You mangle the wolf spider!! Your claw misses the wolf spider.
The wolf spider is heavily wounded.
The wolf spider closely misses you. x2
You scratch the wolf spider. Your claw misses the wolf spider.
The wolf spider is severely wounded.
Your shadow barely misses the wolf spider.
The wolf spider misses you.
The wolf spider bites you but does no damage.
You scratch the wolf spider but do no damage.
Your claw misses the wolf spider.
The wolf spider is severely wounded.
The jorogumo hits you.
You suddenly lose the ability to move!
The wolf spider hits you! The wolf spider bites you.
The jorogumo stares at you and mumbles some strange words.
The bolt of negative energy hits you!!!
You feel drained.
You emit a cloud of dark smoke.
The wolf spider hits you!
* * * LOW HITPOINT WARNING * * *
The wolf spider bites you but does no damage.
The wolf spider hits you but does no damage.
The wolf spider bites you but does no damage.
The jorogumo casts a spell at you.
The stream of webbing hits you but does no damage.
You are caught in a web!
The wolf spider hits you!
* * * LOW HITPOINT WARNING * * *
The wolf spider bites you but does no damage.
The jorogumo hits you!
* * * LOW HITPOINT WARNING * * *
You are poisoned.
The wolf spider hits you!
* * * LOW HITPOINT WARNING * * *
The wolf spider bites you but does no damage.
The jorogumo hits you!
You die...

...... ▒.........▒...
...... .▒
▒...........▒ .....^
..▒ ▒.....s..H.▒
......
..▒▒....▒....▒▒▒▒▒
▒▒....
▒.▒▒............. ▒.▒
▒..▒...§§........
▒.§.▒▒§§........
▒▒§§▒s§§s....... ..
▒§.†@Hs.........
..▒▒▒.▒...▒.........▒
▒... ▒§.......^..▒▒▒
......
▒▒..▒▒▒§§.▒▒▒..▒..▒
...... ▒▒........▒▒
▒▒▒.▒▒ .....▒
.........▒▒ . ....▒
▒........▒▒▒▒▒▒ ...▒
▒▒......^......▒ ..
▒▒.......▒▒▒▒▒▒.▒


You could see a jorogumo, a wolf spider and a redback.

Vanquished Creatures
  Rupert (D:13)
  A frost giant (D:9)
  An orc warlord (Orc:1)
  An ironbound preserver (D:14)
  The ghost of Murgh the Cleaver, a journeyman MiBe of Trog (Lair:4)
  Snorg (Lair:3)
  A fire dragon (Lair:6)
  6 hydras
  3 ice dragons
  7 boulder beetles
  5 centaur warriors
  An ogre mage (D:15)
  3 demonspawn (Orc:2)
  A catoblepas (D:14)
  8 death yaks
  6 two-headed ogres
  Urug (Lair:1)
  The ghost of hitsuchi the Cruncher, a journeyman DEFE of Gozag (Lair:1)
  4 tengu warriors (D:14)
  6 orc high priests (Orc:2)
  6 skeletal warriors
  A pharaoh ant (Spider:1)
  A glowing orange brain (shapeshifter) (Lair:4)
  2 lindwurms
  A large abomination (Lair:4)
  Pikel (D:6)
  22 ugly things
  4 deep elf pyromancers
  4 wolf spiders
  10 orc sorcerers
  6 orc knights
  8 cyclopes
  2 manticores
  Maurice (D:8)
  5 black mambas
  A rust devil (Lair:4)
  An ice statue (D:9)
  2 gargoyles (D:12)
  2 molten gargoyles (Lair:6)
  3 torpor snails
  A smoke demon (Orc:2)
  12 cane toads
  An unseen horror (D:13)
  2 ice devils
  2 freezing wraiths (D:15)
  9 komodo dragons
  An efreet (D:14)
  A tengu conjurer (D:15)
  4 trolls
  An ancient zyme (Lair:4)
  10 polar bears
  A hornet (Lair:4)
  15 blink frogs
  13 slime creatures
  Prince Ribbit (Lair:3)
  4 dream sheep (Lair:5)
  A shadow (D:9)
  Sigmund (D:6)
  A culicivora (Spider:1)
  A spriggan (Lair:4)
  2 wraiths
  4 wyverns
  8 basilisks
  53 yaks
  The ghost of Peloso the Slasher, an amateur MiFi (D:3)
  Eustachio (D:6)
  3 steam dragons
  7 redbacks (Spider:1)
  3 vampire mosquitoes (D:10)
  2 swamp worms (Lair:3)
  3 wargs
  14 water moccasins
  5 hell hounds (Lair:6)
  7 ice beasts (D:9)
  29 orc warriors
  A sky beast (D:6)
  7 black bears
  12 ogres
  8 wolves
  4 boggarts (D:14)
  5 centaurs
  3 lemures (D:6)
  6 bullfrogs
  3 kobold brigands
  Blork the orc (D:4)
  A wyvern zombie (D:9)
  A water moccasin zombie (D:9)
  3 water moccasin skeletons
  5 killer bees (D:10)
  8 wights (D:8)
  2 electric eels (D:9)
  4 howler monkeys
  4 lava snakes (Lair:6)
  4 centaur zombies
  3 hounds
  A centaur skeleton (D:5)
  2 gnoll shamans
  23 orc priests
  17 orc wizards
  2 iguanas
  6 hell rats (Lair:5)
  A killer bee zombie (D:5)
  A howler monkey zombie (D:11)
  29 gnolls
  9 adders
  A white imp (D:8)
  2 adder skeletons (D:4)
  A dart slug (D:1)
  77 orcs
  11 ball pythons
  4 endoplasms
  5 giant cockroaches
  7 goblins
  6 hobgoblins
  13 jackals
  3 quokkas
  8 bats
  4 frilled lizards
  18 kobolds
  7 rats
709 creatures vanquished.

Vanquished Creatures (collateral kills)
  A polar bear (Lair:2)
  A black bear (Lair:2)
2 creatures vanquished.

Vanquished Creatures (others)
  A jelly (D:8)
  An orc wizard (D:9)
  36 fungi
  35 plants
73 creatures vanquished.

Grand Total: 784 creatures vanquished

Notes
Turn   | Place    | Note
-------+----------+-------------------------------------------
     0 | D:1      | RepoMan the Troll Conjurer began the quest for the Orb.
     0 | D:1      | Reached XP level 1. HP: 16/16 MP: 1/1
   109 | D:1      | Reached skill level 1 in Unarmed Combat
   113 | D:1      | Reached XP level 2. HP: 24/24 MP: 3/3
   377 | D:1      | Reached skill level 2 in Unarmed Combat
   657 | D:1      | Reached XP level 3. HP: 28/31 MP: 4/4
  1376 | D:2      | Reached skill level 3 in Unarmed Combat
  1434 | D:2      | Reached XP level 4. HP: 39/39 MP: 1/5
  1488 | D:2      | Identified the amulet "Cerecu" {rPois Regen+ Int-3 Dex+5}
  1888 | D:3      | Found a shadowy altar of Dithmenos.
  1897 | D:3      | Became a worshipper of Dithmenos the Shadowed
  2077 | D:3      | Found a transporter.
  2077 | D:3      | Found a transporter.
  2436 | D:4      | Found a hazy altar of Hepliaklqana.
  2455 | D:4      | Found Keryrgh's Antique Weapon Shop.
  2623 | D:4      | Noticed Blork the orc
  2636 | D:4      | HP: 1/39 [Blork the orc/+0 dire flail (11)]
  2660 | D:4      | Killed Blork the orc
  2661 | D:4      | Reached skill level 4 in Unarmed Combat
  2661 | D:4      | Reached XP level 5. HP: 25/45 MP: 7/7
  2742 | D:4      | Noticed an ogre
  2879 | D:2      | Found a faded altar of an unknown god.
  3071 | D:3      | Noticed Peloso's ghost (amateur MiFi)
  3122 | D:3      | Reached skill level 5 in Unarmed Combat
  3183 | D:4      | Found a glowing golden altar of the Shining One.
  3185 | D:4      | Found a hide-covered altar of Uskayaw.
  3195 | D:4      | Found a sparkling altar of Nemelex Xobeh.
  3195 | D:4      | Found a shimmering altar of Xom.
  3367 | D:4      | Found a blossoming altar of Fedhas.
  3452 | D:5      | Entered Level 5 of the Dungeon
  3466 | D:4      | Reached XP level 6. HP: 34/54 MP: 8/8
  3488 | D:4      | Reached skill level 1 in Fighting
  3560 | D:5      | Reached skill level 6 in Unarmed Combat
  3574 | D:5      | Found a broken altar of Ashenzari.
  3633 | D:5      | Found a radiant altar of Vehumet.
  3633 | D:5      | Noticed a water moccasin
  3638 | D:5      | Killed a water moccasin
  3639 | D:5      | Reached XP level 7. HP: 39/65 MP: 9/9
  3912 | D:5      | Reached * piety under Dithmenos
  4102 | D:5      | Found Qouhib's General Store.
  4110 | D:5      | Bought a scroll of identify for 30 gold pieces
  4110 | D:5      | Bought a potion of curing for 45 gold pieces
  4110 | D:5      | Bought a scroll of fear for 52 gold pieces
  4218 | D:6      | Reached skill level 1 in Throwing
  4278 | D:6      | Reached skill level 7 in Unarmed Combat
  4424 | D:6      | Noticed Eustachio
  4432 | D:6      | Killed Eustachio
  4433 | D:6      | Reached XP level 8. HP: 61/75 MP: 10/10
  4488 | D:6      | Reached skill level 8 in Unarmed Combat
  4563 | D:6      | Found an opulent altar of Gozag.
  4702 | D:7      | Found a staircase to the Ecumenical Temple.
  4931 | D:7      | Reached ** piety under Dithmenos
  5069 | D:7      | Found Joddagy's General Store.
  5075 | D:7      | Bought a potion of attraction for 42 gold pieces
  5303 | D:7      | Found Zovvius's Distillery.
  5310 | D:7      | Bought a potion of flight for 33 gold pieces
  5310 | D:7      | Bought a potion of heal wounds for 55 gold pieces
  5310 | D:7      | Bought a potion of lignification for 33 gold pieces
  5310 | D:7      | Bought a potion of degeneration for 11 gold pieces
  5364 | D:7      | Found a transporter.
  5365 | D:7      | Noticed a deep elf pyromancer
  5368 | D:7      | Found a white marble altar of Elyvilon.
  5374 | D:7      | Found a transporter.
  5549 | D:7      | Reached skill level 9 in Unarmed Combat
  5595 | D:7      | Identified the +8 quarterstaff of the Smoking Shrike
                  | {protect, *Corrode rPois rF+++ SInv}
  5980 | D:8      | Noticed a komodo dragon
  6010 | D:8      | Killed a komodo dragon
  6011 | D:8      | Reached XP level 9. HP: 44/85 MP: 11/11
  6100 | D:8      | Reached skill level 10 in Unarmed Combat
  6139 | D:8      | Noticed Maurice
  6155 | D:8      | Killed Maurice
  6156 | D:8      | Reached skill level 5 in Fighting
  6420 | D:8      | Reached skill level 11 in Unarmed Combat
  6782 | D:8      | Reached XP level 10. HP: 98/98 MP: 9/12
  6972 | D:9      | Learned a level 3 spell: Confusing Touch
  6978 | D:9      | Learned a level 5 spell: Silence
  7114 | D:9      | Reached *** piety under Dithmenos
  7498 | D:9      | Reached skill level 12 in Unarmed Combat
  7565 | D:9      | Reached skill level 1 in Hexes
  7659 | D:9      | Found a staircase to the Orcish Mines.
  7867 | D:10     | Entered Level 10 of the Dungeon
  8057 | D:10     | Found a staircase to the Lair.
  8239 | D:10     | Found a burning altar of Makhleb.
  8494 | D:10     | Found a glowing silver altar of Zin.
  8792 | Lair:1   | Entered Level 1 of the Lair of Beasts
  8865 | Lair:1   | Noticed a cane toad
  8871 | Lair:1   | Killed a cane toad
  8880 | Lair:1   | Found a runed translucent door.
  8884 | Lair:1   | Noticed hitsuchi's ghost (journeyman DEFE)
  8895 | Lair:1   | Reached skill level 13 in Unarmed Combat
  8895 | Lair:1   | Reached XP level 11. HP: 85/109 MP: 11/14
  8964 | Lair:1   | Noticed Urug
  8978 | Lair:1   | Killed Urug
  9083 | Lair:1   | Reached **** piety under Dithmenos
 10083 | Lair:2   | Found a hole to the Spider Nest.
 10477 | Lair:2   | Reached skill level 14 in Unarmed Combat
 10741 | Lair:2   | Noticed a boulder beetle
 10758 | Lair:2   | Killed a boulder beetle
 10944 | Lair:2   | Reached XP level 12. HP: 44/119 MP: 13/17
 11659 | Lair:3   | Noticed Prince Ribbit
 11680 | Lair:3   | Killed Prince Ribbit
 11699 | Lair:3   | Reached ***** piety under Dithmenos
 11866 | Lair:3   | Found an opulent altar of Gozag.
 11870 | Lair:3   | Noticed Snorg
 11879 | Lair:3   | Killed Snorg
 12033 | Lair:3   | Noticed an eight-headed hydra
 12055 | Lair:3   | Killed an eight-headed hydra
 12097 | Lair:3   | Reached skill level 1 in Evocations
 12179 | Lair:3   | Found a staircase to the Swamp.
 12929 | Lair:4   | Found a transporter.
 13022 | Lair:4   | Found a one-way gate to the infinite horrors of the Abyss.
 13022 | Lair:4   | Noticed Murgh's ghost (journeyman MiBe)
 13023 | Lair:4   | Found a transporter.
 13081 | Lair:4   | Reached skill level 15 in Unarmed Combat
 13627 | Lair:5   | Reached skill level 5 in Spellcasting
 14036 | Lair:5   | Noticed a death yak
 14060 | Lair:5   | Noticed a death yak
 14060 | Lair:5   | Noticed a death yak
 14061 | Lair:5   | Noticed a death yak
 14061 | Lair:5   | Noticed a death yak
 14061 | Lair:5   | Noticed a death yak
 14085 | Lair:5   | Killed a death yak
 14095 | Lair:5   | Killed a death yak
 14101 | Lair:5   | Killed a death yak
 14102 | Lair:5   | Reached XP level 13. HP: 89/131 MP: 19/19
 14418 | Lair:5   | Reached skill level 16 in Unarmed Combat
 14493 | Lair:5   | Identified the +6 war axe of Gallantry {flame, rPois Str+3
                  | Int+3}
 14851 | Lair:6   | Entered Level 6 of the Lair of Beasts
 15085 | Lair:6   | Reached skill level 5 in Dodging
 15394 | Lair:6   | Found a viscous altar of Jiyva.
 15394 | Lair:6   | Found a staircase to the Slime Pits.
 15778 | Lair:6   | Reached ****** piety under Dithmenos
 16132 | Lair:6   | Noticed a fire dragon
 16138 | Lair:6   | Found a large runed translucent door.
 16139 | Lair:6   | Found a large runed translucent door.
 16149 | Lair:6   | Reached skill level 17 in Unarmed Combat
 16191 | Lair:6   | Killed a fire dragon
 16486 | Lair:2   | Reached skill level 10 in Fighting
 16943 | D:9      | Noticed a frost giant
 16949 | D:9      | Killed a frost giant
 17085 | Orc:1    | Entered Level 1 of the Orcish Mines
 17085 | Orc:1    | Found Zaucw's Book Shop.
 17181 | Orc:1    | Found Yrarok's Jewellery Shop.
 17221 | Orc:1    | Found Piugiep's Assorted Antiques.
 17227 | Orc:1    | Bought a potion of berserk rage for 190 gold pieces
 17227 | Orc:1    | Bought a potion of curing for 114 gold pieces
 17283 | Orc:1    | Bought a ring of willpower for 450 gold pieces
 17292 | Orc:1    | Found Moolubum's Book Shoppe.
 17324 | Orc:1    | Reached XP level 14. HP: 101/143 MP: 20/20
 17339 | Orc:1    | Bought a book of Party Tricks for 256 gold pieces
 17341 | Orc:1    | Learned a level 1 spell: Apportation
 17363 | Orc:1    | Found Asirum's Antique Weapon Shoppe.
 17762 | Orc:2    | Entered Level 2 of the Orcish Mines
 17762 | Orc:2    | Noticed an orc warlord
 17793 | Orc:1    | Killed an orc warlord
 18099 | Orc:2    | Noticed Sonja
 18100 | Orc:2    | Noticed Sonja
 18100 | Orc:2    | Sonja changed into Sonja the lindwurm
 18117 | Orc:2    | Killed Sonja the lindwurm
 18227 | Orc:2    | Found a staircase to the Elven Halls.
 18296 | Orc:2    | Paralysed by an orc sorcerer for 4 turns
 18639 | Orc:2    | Found Hymusoc's General Store.
 18824 | Orc:2    | Found Beosec's General Store.
 18842 | Orc:2    | Bought a potion of haste for 160 gold pieces
 18908 | Orc:2    | Bought 2 potions of cancellation for 272 gold pieces
 18908 | Orc:2    | Bought a potion of berserk rage for 85 gold pieces
 18908 | Orc:2    | Bought a throwing net for 51 gold pieces
 18908 | Orc:2    | Bought a potion of curing for 51 gold pieces
 19092 | Orc:2    | Reached skill level 18 in Unarmed Combat
 19296 | Orc:2    | Found Kupsiqiu's Jewellery Shop.
 19296 | Orc:2    | Found a one-way gate leading to the halls of Pandemonium.
 19296 | Orc:2    | Found Efocvos's Antique Weapon Boutique.
 19301 | Orc:2    | Bought a ring of see invisible for 240 gold pieces
 20007 | D:11     | Found a runed translucent door.
 20007 | D:11     | Found a hide-covered altar of Uskayaw.
 20883 | D:12     | You fall into a shaft and drop 1 floor!
 20898 | D:13     | Identified the +9 whip of Foolhardiness {vorpal, rPois
                  | Int+4}
 21266 | D:13     | Noticed Rupert
 21522 | D:13     | Reached XP level 15. HP: 154/154 MP: 18/21
 21803 | D:13     | Killed Rupert
 22168 | D:14     | Found a gate to the Vaults.
 22226 | D:14     | Reached skill level 19 in Unarmed Combat
 23189 | D:15     | Entered Level 15 of the Dungeon
 23420 | D:15     | Found a basalt altar of Yredelemnul.
 23556 | D:15     | Noticed Peloso's ghost (journeyman MiFi)
 23567 | D:15     | Identified the +8 war axe "Jicvusuk" {venom, rF+}
 23577 | D:15     | Found a runed translucent gate.
 23577 | D:15     | Found a runed translucent gate.
 23577 | D:15     | Found a runed translucent gate.
 24098 | D:15     | Found an ornate altar of the Wu Jian Council.
 24323 | D:15     | Found a staircase to the Depths.
 24981 | D:3      | Killed Peloso's ghost
 25170 | D:6      | Noticed Sigmund
 25182 | D:6      | Killed Sigmund
 25187 | D:6      | Noticed Pikel
 25198 | D:6      | Killed Pikel
 25307 | D:7      | Bought a potion of brilliance for 44 gold pieces
 25307 | D:7      | Bought a potion of brilliance for 44 gold pieces
 25307 | D:7      | Bought 2 potions of brilliance for 88 gold pieces
 25307 | D:7      | Bought a potion of haste for 110 gold pieces
 25307 | D:7      | Bought a potion of haste for 110 gold pieces
 25307 | D:7      | Bought a potion of curing for 33 gold pieces
 25307 | D:7      | Bought 2 potions of heal wounds for 110 gold pieces
 25340 | D:7      | Bought a scroll of teleportation for 42 gold pieces
 25779 | Lair:1   | Killed hitsuchi's ghost
 25861 | Lair:4   | Upgraded the game from 0.28.0-43-g3370ac3207 to
                  | 0.28.0-45-g0d030f2227
 25920 | Lair:4   | Reached skill level 1 in Invocations
 25921 | Lair:4   | Killed Murgh's ghost
 25922 | Lair:4   | Reached XP level 16. HP: 118/167 MP: 22/22
 25934 | Lair:4   | Reached skill level 20 in Unarmed Combat
 26186 | Spider:1 | Entered Level 1 of the Spider Nest
 26645 | Spider:1 | Paralysed by a jorogumo for 3 turns
 26648 | Spider:1 | Slain by a jorogumo

Illustrated notes

Levels and vault maps discovered:
D:1:      dpeg_arrival_signposts, layout_basic, minmay_hexomino_f4
D:2:      layout_rooms, dilly_ecumenical_altar_fadedgnrine,
          chequers_decorated_corner
D:3:      layout_loops_ring, grunt_dithmenos_smoke,
          gammafunk_ghost_gnarly_gnolls, chequers_mini_garden, st_stairs_13,
          minivault_24, columned_hall_lemuel
D:4:      layout_basic, mainiacjoe_overflow_alcove_2,
          mainiacjoe_overflow_concentric_impassable, grunt_temple_overflow_open,
          nicolae_stop_n_shop_2, uniq_blork_the_orc
D:5:      layout_basic, nicolae_ashenzari_panopticon,
          nicolae_vehumet_altar_sigil, serial_shops, nicolae_square_shop,
          grunt_ministairs_10
D:6:      layout_basic, grunt_gozag_breadcrumbs, hangedman_decor_peaks_small,
          minmay_misc_feat_rugged, uniq_pikel, uniq_sigmund, uniq_eustachio
D:7:      layout_cave_pools, gammafunk_temple_overflow_arena,
          minmay_temple_entry_ruins, serial_gnoll_camp, gnoll_camp_mini_basic,
          gnoll_camp_mini_shop, gnoll_camp_mini_doghouse, gnoll_camp_mini_shop,
          kennysheep_pointless_box
D:8:      layout_basic, eino_small_chamber_without_monster, uniq_maurice
D:9:      minmay_twisted_water, layout_loops_ring, orc_0_dummy
D:10:     layout_loops_ring, kennysheep_little_box, zin_academy,
          grunt_lair_entry_orc_guard_hut
D:11:     layout_irregular_city, nicolae_danse_macabre
D:12:     layout_roguey
D:13:     layout_irregular_city, evilmike_butchery, uniq_rupert
D:14:     layout_roguey, skrybe_vaults_entry_preservation,
          hangedman_abyss_or_decor_passed
D:15:     grunt_enter_depths_hoard, layout_irregular_city,
          yredelemnul_altar_generic, maelrawn_ghost_gauntlet_escape,
          minivault_10, pdpol_wu_jian_five_deadly_venoms
Lair:1:   layout_cellular_growth, ebering_ghost_reflecting_pool, uniq_urug
Lair:2:   beast_lair_carwin_large_4, layout_cave_pods,
          spider_nest_entry_web_field, serial_bayou_shore_b
Lair:3:   layout_cave_pods, minmay_swamp_entry_worms, basic_altar,
          lemuel_fruit_fields, uniq_prince_ribbit2, uniq_snorg
Lair:4:   layout_roguey, gammafunk_ghost_abyssal_escape,
          gammafunk_lair_bear_cave
Lair:5:   layout_regular_city
Lair:6:   cheibrodos_lair_end_hotspot, layout_regular_city, slime_altar_1,
          infiniplex_staircase_pool
Spider:1: layout_chambers
Orc:1:    layout_caves, serial_shops, nicolae_shop_trees,
          nicolae_shop_hallway_plus, nicolae_diamond_shop, shop, shop
Orc:2:    pf_orc_diabolical, layout_diamond_mine, uniq_sonja

Skill      XL: |  1  2  3  4  5  6  7  8  9 10 11 12 13 14 15 16 |
---------------+-------------------------------------------------+-----
Unarmed Combat | 1 2 3 4 5 6 7 9 11 13 14 15 17 18 19 20 | 20.0
Spellcasting   | 2 3 4 5 |  5.0
Fighting       | 2 3 4 6 7 8 9 10 11 12 13 | 13.0
Throwing       | 2 |  2.0
Hexes          | 2 4 |  4.0
Dodging        | 4 6 7 9 |  9.1
Evocations     | 2 |  2.0
Invocations    | 1 |  1.6
Stealth        | |  1.0
Conjurations   | |  2.9

Action                   |  1- 3 |  4- 6 |  7- 9 | 10-12 | 13-15 | 16-18 || total
-------------------------+-------+-------+-------+-------+-------+-------++-------
Melee: Unarmed           |   104 |   107 |   255 |   541 |   838 |    50 ||  1895
       Punch             |     2 |     5 |    20 |    50 |   121 |     5 ||   203
       Quarterstaff      |       |       |       |     4 |    56 |       ||    60
       War axe           |       |       |       |       |    23 |       ||    23
Throw: Throwing net      |       |     4 |     1 |       |       |     2 ||     7
       Dart              |       |       |     6 |     6 |    20 |     2 ||    34
       Large rock        |       |       |     3 |     3 |    10 |       ||    16
 Cast: Magic Dart        |    50 |    72 |   122 |   268 |   553 |    28 ||  1093
       Confusing Touch   |       |       |       |     2 |     2 |       ||     4
       Apportation       |       |       |       |       |       |     1 ||     1
Evoke: Wand              |       |       |     2 |    16 |    25 |     1 ||    44
  Use: Potion            |       |     5 |     1 |     4 |    10 |       ||    20
       Scroll            |       |       |     9 |    13 |     7 |     2 ||    31
 Stab: Sleeping          |       |     1 |     1 |       |     5 |       ||     7
       Paralysed         |       |       |     3 |     7 |     6 |       ||    16
       Petrifying        |       |       |       |       |     2 |       ||     2
Armor: Robe              |    36 |    40 |    31 |       |    18 |       ||   125
       Steam dragon scal |       |       |     7 |    17 |       |       ||    24
       Troll leather arm |       |       |       |   114 |   223 |    17 ||   354
       Skin              |       |       |       |       |    39 |       ||    39
Dodge: Dodged            |    54 |    58 |    88 |   207 |   367 |    24 ||   798
       Repelled          |       |       |       |       |     1 |     1 ||     2
